 Dungeon Crawl Stone Soup version 0.29.0-13-gc9e81de378 (webtiles) character file.

Game seed: 11681768611439945564

5176 xian the Slicer (level 10, -8/98 HPs)
             Began as a Troll Wanderer on Sept 11, 2022.
             Mangled by an orc warrior
             ... wielding a +0 glaive
              (12 damage)
             ... in a bailey.
             The game lasted 00:22:38 (5496 turns).

xian the Slicer (Troll Wanderer)                    Turns: 5496, Time: 00:22:39

Health: -8/98      AC:  7    Str: 26    XL:     10   Next: 34%
Magic:  9/9        EV: 14    Int:  6    God:
Gold:   413        SH:  0    Dex: 24    Spells: 9/9 levels left

rFire   . . .      SeeInvis .   d - +6 dagger "Grim" {vamp, rN+}
rCold   + . .      Faith    .   (no shield)
rNeg    + . .      Spirit   .   e - +0 robe
rPois   +          Reflect  .   (helmet restricted)
rElec   .          Harm     .   D - +2 cloak {rPois}
rCorr   .          Rampage  .   (gloves unavailable)
Will    .....                   (boots unavailable)
Stlth   +++.......              (no amulet)
HPRegen 1.06/turn               n - ring of Qipsek {rC+ Dex+7}
MPRegen 0.11/turn               r - +6 ring of dexterity

@: no status effects
A: large, unfitting armour, claws 3, regeneration 1, shaggy fur 1, tough skin 1
a: no special abilities


You were in a bailey.
You visited 1 branch of the dungeon, and saw 7 of its levels.
You also visited: Bailey.

You collected 413 gold pieces.

Inventory:

Hand Weapons
 c - a +0 arbalest of flaming
 d - the +6 dagger "Grim" (weapon) {vamp, rN+}
   (You found it on level 3 of the Dungeon)

   It occasionally heals its wielder for a portion of the damage dealt when it
   wounds a living foe.
   rN:        It protects you from negative energy.
Missiles
 m - 8 boomerangs
 q - 11 poisoned darts (quivered)
Armour
 e - a +0 robe (worn)
 D - a +2 cloak of poison resistance (worn)
Jewellery
 n - the ring of Qipsek (left claw) {rC+ Dex+7}
   (You found it on level 3 of the Dungeon)

   [ring of protection from cold]

   Dex:       It affects your dexterity (+7).
   rC:        It protects you from cold.
 o - a ring of protection from fire
 r - a +6 ring of dexterity (right claw)
Wands
 g - a wand of roots (2)
 l - a wand of flame (5)
 t - a wand of polymorph (2)
 B - a wand of charming (11)
Scrolls
 b - 2 scrolls of teleportation
 f - a scroll of butterflies
 i - 2 scrolls of vulnerability
 p - 2 scrolls of amnesia
 s - a scroll of enchant armour
 w - a scroll of poison
 y - a scroll of enchant weapon
 A - a scroll of immolation
Potions
 h - 2 potions of curing
 j - 3 potions of lignification
 k - 2 potions of brilliance
 u - 2 potions of mutation {unknown}
 v - 3 potions of cancellation {unknown}
 x - a potion of attraction {unknown}
 z - a potion of flight {unknown}
 C - 3 potions of magic
 E - a potion of might {unknown}
 F - a potion of heal wounds
 G - a potion of invisibility


   Skills:
 + Level 5.7 Fighting
 * Level 8.6 Short Blades
 - Level 4.7 Staves
 + Level 5.1 Throwing
 + Level 5.9 Dodging
 + Level 2.7 Stealth
 + Level 4.4 Unarmed Combat
 + Level 0.6 Evocations


You had 9 spell levels left.
You didn't know any spells.
Your spell library contained the following spells:

 Spells                   Type           Power      Damage    Failure   Level
 Sting                    Tmut/Pois      0%         1d3       45%         1
 Poisonous Vapours        Pois/Air       0%         N/A       58%         2
 Sublimation of Blood     Necr           0%         N/A       58%         2
 Wereblood                Tmut           0%         N/A       58%         2
 Ignite Poison            Fire/Tmut/Pois 0%         N/A       83%         3
 Mephitic Cloud           Conj/Pois/Air  0%         N/A       83%         3
 Fulminant Prism          Conj/Hex       0%         3d6       99%         4
 Iskenderun's Mystic Bla  Conj/Tloc      0%         2d3       99%         4
 Olgreb's Toxic Radiance  Pois           0%         N/A       99%         4
 Freezing Cloud           Conj/Ice/Air   0%         6-21      100%        5
 Lee's Rapid Deconstruct  Erth           0%         3d5*      100%        5
 Summon Forest            Summ/Tloc      0%         N/A       100%        5
 Eringya's Noxious Bog    Tmut/Pois      0%         N/A       100%        6
 Summon Hydra             Summ           0%         N/A       100%        7


Dungeon Overview and Level Annotations

Branches:
Dungeon (7/15)             Temple (0/1) D:7          Bailey (1/1)

Altars:
Fedhas
Gozag
Sif Muna
Trog
Wu Jian

Shops:
D:2 [   D:6 *


Innate Abilities, Weirdness & Mutations

You are too large for most types of armour.
You have claws for hands.
Your natural rate of healing is unusually fast.
You are covered in fur. (AC +1)
You have tough skin. (AC +1)


Message History

The orc warrior barely misses you.
The grasping roots constrict the orc knight!
The grasping roots constrict the orc warrior!
The roots release their grip on the orc knight.
The orc knight closely misses you. The orc warrior misses you.
The orc warrior closely misses you.
There is an open door here.
Items here: ))) [ †.
You hit the orc warrior.
The orc warrior is heavily wounded.
The grasping roots constrict the orc warrior.
The roots release their grip on the orc warrior.
The orc knight hits you from afar with a +0 halberd!!
The orc warrior completely misses you.
The orc warrior hits you from afar with a +0 glaive!
You hit the orc warrior but do no damage.
The orc warrior is severely wounded.
Unknown command.
You hit the orc warrior.
The orc warrior is almost dead.
The orc knight barely misses you. The orc warrior barely misses you.
The orc warrior misses you.
Unknown command.
You hit the orc warrior but do no damage.
The orc warrior is almost dead.
Unknown command.
You hit the orc warrior.
You kill the orc warrior!
The orc knight completely misses you.
The orc warrior hits you from afar with a +0 glaive!!
* * * LOW HITPOINT WARNING * * *
Unknown command.
Okay, then.
Okay, then.
As you read the scroll of summoning, it crumbles to dust.
Wisps of shadow whirl around you...
The orc knight hits you from afar with a +0 halberd!!
* * * LOW HITPOINT WARNING * * *
The orc warrior hits you from afar with a +0 glaive!
You die...

####### ############
#####.....## ##..gg)...∩.##
...#.......######.go..#......#
...'...##..#.g..#)...###)....#
...'....8..'..og@)g..o8.).).∩#
o(('...##..#.)og#go.o###)....#
...#o..oo..######.....#.)))..#
#####.....## ##...o....∩.##
####### ############


You could see an orc knight (ally target), an orc warrior (ally target), 2
friendly orc wizards, 8 friendly gnolls and 3 friendly orcs.

Vanquished Creatures
  Sigmund (D:3)
  Menkaure (D:5)
  2 water moccasins (D:7)
  An ice beast (D:6)
  7 orc warriors
  A swamp drake (D:5)
  An ogre (D:6)
  A lemure (D:5)
  Blork the orc (D:5)
  A kobold brigand (D:7)
  A bullfrog (D:6)
  2 scorpions
  4 hounds
  An orc priest (D:4)
  4 jellies
  Natasha (thrice) (D:2)
  5 iguanas
  7 orc wizards
  6 adders
  A shadow imp (D:5)
  A white imp (D:5)
  3 worms
  3 dart slugs
  44 orcs
  8 ball pythons
  5 endoplasms
  4 giant cockroaches
  9 goblins
  8 hobgoblins
  4 jackals (D:1)
  10 kobolds
  5 quokkas
  A bat (D:2)
  7 frilled lizards
  2 rats (D:1)
165 creatures vanquished.

Vanquished Creatures (others)
  An orc (D:6)
1 creature vanquished.

Grand Total: 166 creatures vanquished

Notes
Turn   | Place    | Note
-------+----------+-------------------------------------------
     0 | D:1      | xian the Troll Wanderer began the quest for the Orb.
     0 | D:1      | xian set off with the following items: a +0 vorpal
                  | quarterstaff, a scroll of teleportation, a +0 cloak, a
                  | potion of haste, a +0 robe.
     0 | D:1      | Reached XP level 1. HP: 16/16 MP: 0/0
   184 | D:1      | Reached XP level 2. HP: 24/24 MP: 1/1
   806 | D:2      | Reached XP level 3. HP: 32/32 MP: 2/2
   856 | D:2      | Found a faded altar of an unknown god.
   969 | D:2      | Noticed Natasha
   980 | D:2      | Killed Natasha
   981 | D:2      | Reached XP level 4. HP: 24/40 MP: 3/3
  1006 | D:2      | Reached skill level 1 in Fighting
  1064 | D:2      | Noticed Natasha
  1071 | D:2      | Killed Natasha
  1076 | D:2      | Noticed Natasha
  1083 | D:2      | Killed Natasha
  1084 | D:2      | Reached XP level 5. HP: 44/48 MP: 4/4
  1105 | D:2      | Found Gung's Armour Emporium.
  1606 | D:3      | Noticed Sigmund
  1611 | D:3      | Identified the ring of Qipsek {rC+ Dex+7}
  1626 | D:3      | Killed Sigmund
  1627 | D:3      | Reached XP level 6. HP: 52/57 MP: 5/5
  1682 | D:3      | Identified the +6 dagger "Grim" {vamp, rN+}
  1735 | D:3      | Found an opulent altar of Gozag.
  2021 | D:3      | Found a shimmering blue altar of Sif Muna.
  2410 | D:4      | Reached skill level 1 in Short Blades
  2489 | D:4      | Found an ornate altar of the Wu Jian Council.
  2544 | D:4      | Reached XP level 7. HP: 59/65 MP: 6/6
  2840 | D:5      | Entered Level 5 of the Dungeon
  2847 | D:5      | Noticed Grinder
  2865 | D:4      | Reached skill level 2 in Short Blades
  2884 | D:5      | Noticed Blork the orc
  2891 | D:5      | Killed Blork the orc
  2929 | D:5      | Reached skill level 1 in Throwing
  2984 | D:5      | Noticed Grinder
  2984 | D:5      | Grinder changed into Grinder the lemure
  2994 | D:5      | Killed Grinder the lemure
  2995 | D:5      | Reached skill level 3 in Short Blades
  3047 | D:5      | Found a blossoming altar of Fedhas.
  3057 | D:5      | Found a bloodstained altar of Trog.
  3275 | D:5      | Noticed Menkaure
  3287 | D:5      | Killed Menkaure
  3288 | D:5      | Reached XP level 8. HP: 22/74 MP: 7/7
  3427 | D:5      | Found a runed translucent door.
  3428 | D:5      | Noticed Crazy Yiuf
  3433 | D:5      | Noticed Crazy Yiuf
  3433 | D:5      | Crazy Yiuf changed into Crazy Yiuf the swamp drake
  3465 | D:5      | Killed Crazy Yiuf the swamp drake
  3658 | D:6      | Reached skill level 4 in Short Blades
  3793 | D:6      | Found Wyxzig's Assorted Antiques.
  4101 | D:6      | Noticed a troll
  4241 | D:6      | Reached skill level 5 in Short Blades
  4382 | D:6      | HP: 3/75 [troll (7)]
  4846 | D:7      | Reached XP level 9. HP: 74/83 MP: 8/8
  5016 | D:7      | Found a staircase to the Ecumenical Temple.
  5149 | D:7      | Found a flagged portal.
  5169 | Bailey   | Entered a bailey
  5280 | Bailey   | Reached skill level 6 in Short Blades
  5332 | Bailey   | HP: 3/84 [orc/+0 halberd (8)]
  5402 | Bailey   | Reached skill level 5 in Fighting
  5402 | Bailey   | Reached skill level 8 in Short Blades
  5402 | Bailey   | Reached skill level 5 in Throwing
  5402 | Bailey   | Reached skill level 5 in Dodging
  5402 | Bailey   | Reached XP level 10. HP: 96/97 MP: 9/9
  5461 | Bailey   | Noticed an orc knight
  5471 | Bailey   | Noticed an orc knight
  5496 | Bailey   | HP: 4/98 [orc knight/+0 halberd (26)]
  5496 | Bailey   | Mangled by an orc warrior

Illustrated notes

Levels and vault maps discovered:
D:1:      evilmike_arrival_hilbert_curve, layout_loops_ring
D:2:      layout_loops_ring, shapermc_ecumenical_altar_venn, serial_shops,
          nicolae_shop_temple_entry_statues_fountains, uniq_natasha
D:3:      layout_rooms, mainiacjoe_overflow_concentric_impassable,
          overflow_temple_1_default, kennysheep_generic_room_5, uniq_sigmund
D:4:      layout_rooms, nzn_wu_jian_council_hall
D:5:      layout_rooms, mainiacjoe_overflow_large_starburst, uniq_menkaure,
          uniq_crazy_yiuf_cottage, uniq_grinder, uniq_blork_the_orc
D:6:      layout_loops_ring, serial_shops, shop
D:7:      layout_loops_ring, nicolae_overflow_crystal_walls,
          minmay_temple_entry_glassed_door, enter_bailey_5, uniq_prince_ribbit1
Bailey:   bailey_polearm_5, bailey

Skill      XL: |  1  2  3  4  5  6  7  8  9 |
---------------+----------------------------+-----
Staves         | 3 4 |  4.7
Fighting       | 1 2 3 5 |  5.7
Dodging        | 2 3 5 |  5.9
Short Blades   | 1 3 5 8 |  8.6
Throwing       | 1 5 |  5.1
Stealth        | 2 |  2.7
Unarmed Combat | |  4.4
Evocations     | |  0.6

Action                   |  1- 3 |  4- 6 |  7- 9 | 10-12 || total
-------------------------+-------+-------+-------+-------++-------
Melee: Quarterstaff      |   104 |    53 |       |       ||   157
       Dagger            |       |    91 |   334 |     6 ||   431
       Punch             |       |     3 |     9 |       ||    12
Throw: Boomerang         |       |    11 |    30 |       ||    41
       Dart              |       |       |    10 |     6 ||    16
Evoke: Wand              |       |       |     8 |     1 ||     9
  Use: Potion            |       |     2 |     8 |       ||    10
       Scroll            |       |     6 |    10 |     1 ||    17
 Stab: Sleeping          |     2 |     4 |     9 |       ||    15
Armor: Robe              |    32 |    35 |   100 |       ||   167
       Skin              |       |       |    36 |       ||    36
Dodge: Dodged            |    48 |    92 |   198 |    11 ||   349
